 Dungeon Crawl Stone Soup version 0.27.1-37-g7b29ead8ac (console) character file.

Game seed: 16637971028214624118

10968 grimtooth the Jinx (level 12, -3/70 HPs)
             Began as a Kobold Enchanter on Nov 21, 2023.
             Was the Champion of Elyvilon.
             Slain by a five-headed hydra (4 damage)
             ... on level 3 of the Lair of Beasts.
             The game lasted 00:55:51 (18789 turns).

grimtooth the Jinx (Kobold Enchanter)              Turns: 18789, Time: 00:55:53

Health: -3/70      AC:  7    Str:  7    XL:     12   Next: 1%
Magic:  7/18       EV:  9    Int: 20    God:    Elyvilon [******]
Gold:   513        SH:  0    Dex: 15    Spells: 4/15 levels left

rFire    . . .     SeeInvis .   a - +1 dagger (speed)
rCold    + . .     Faith    .   (shield restricted)
rNeg     . . .     Spirit   .   I - +0 steam dragon scales
rPois    +         Reflect  .   (no helmet)
rElec    .         Harm     .   r - +1 cloak
rCorr    .         Rampage  .   (no gloves)
Will     .....                  (no boots)
Stlth    +++++.....             m - amulet of magic regeneration
HPRegen  0.21/turn              q - ring of protection from cold
MPRegen  0.41/turn              y - ring of poison resistance

@: confusing by touch, petrifying, very slightly contaminated, very slow
A: small, no large weapons, nightstalker 3
a: Renounce Religion, Lesser Healing, Heal Other, Purification, Greater Healing,
Divine Vigour, Divine Protection


You were on level 3 of the Lair of Beasts.
You worshipped Elyvilon.
Elyvilon was exalted by your worship.
You visited 2 branches of the dungeon, and saw 13 of its levels.

You collected 603 gold pieces.
You spent 90 gold pieces at shops.

Inventory:

Hand Weapons
 a - a +1 dagger of speed (weapon)
 b - a +3 dagger of freezing
Missiles
 i - 2 throwing nets {=f}
 p - 12 boomerangs
 z - 8 curare-tipped darts
 E - 55 sling bullets
 O - 7 atropa-tipped darts
 Q - 38 poisoned darts (quivered)
Armour
 r - a +1 cloak (worn)
 I - +0 steam dragon scales (worn)
Jewellery
 m - an amulet of magic regeneration (around neck)
 q - a ring of protection from cold (left hand)
 y - a ring of poison resistance (right hand)
 D - an amulet of faith
 K - a ring of see invisible
 S - a ring of flight
Wands
 c - a wand of iceblast (8)
 F - a wand of charming (5)
 G - a wand of acid (5)
Scrolls
 d - a scroll of fog {unknown}
 e - 3 scrolls of immolation {unknown}
 f - 2 scrolls of fear
 g - 3 scrolls of teleportation {unknown}
 j - 3 scrolls of magic mapping {unknown}
 k - 3 scrolls of amnesia {unknown}
 l - a scroll of blinking {unknown}
 s - 2 scrolls of enchant weapon {unknown}
 C - 3 scrolls of vulnerability {unknown}
 J - 4 scrolls of noise {unknown}
Potions
 h - 3 potions of haste
 n - a potion of degeneration {unknown}
 o - 3 potions of mutation {unknown}
 t - 4 potions of curing
 u - 2 potions of ambrosia
 v - a potion of flight {unknown}
 x - 2 potions of lignification {unknown}
 H - 2 potions of berserk rage
 N - 2 potions of magic {unknown}
 P - 2 potions of heal wounds {unknown}
 R - 3 potions of resistance {unknown}


   Skills:
 - Level 6.0 Fighting
 - Level 6.0 Short Blades
 - Level 6.0 Dodging
 + Level 9.8 Stealth
 - Level 2.1 Spellcasting
 - Level 12.0 Hexes
 - Level 3.0 Translocations
 - Level 3.0 Ice Magic
 * Level 8.4 Invocations


You had 4 spell levels left.
You knew the following spells:

 Your Spells              Type           Power      Damage    Failure   Level
a - Corona                Hex            55%        N/A       1%          1
b - Ensorcelled Hibernat  Hex/Ice        64%        N/A       1%          2
c - Tukima's Dance        Hex            50%        N/A       1%          3
k - Blink                 Tloc           N/A        N/A       7%          2
z - Confusing Touch       Hex            50%        N/A       1%          3

Your spell library contained the following spells:

 Spells                   Type           Power      Damage    Failure   Level
 Apportation              Tloc           28%        N/A       4%          1
 Dazzling Flash           Conj/Hex       52%        N/A       4%          3
 Lesser Beckoning         Tloc           7%         N/A       14%         3
 Animate Skeleton         Necr           4%         N/A       16%         1
 Sting                    Tmut/Pois      8%         1d3       16%         1
 Summon Small Mammal      Summ           8%         N/A       16%         1
 Poisonous Vapours        Pois/Air       4%         N/A       24%         2
 Animate Dead             Necr           1%         N/A       83%         4
 Olgreb's Toxic Radiance  Pois           2%         N/A       83%         4
 Manifold Assault         Tloc           14%        N/A       77%         5
 Blade Hands              Tmut           1%         N/A       99%         5
 Borgnjor's Vile Clutch   Necr/Erth      1%         N/A       99%         5
 Fireball                 Conj/Fire      1%         3d3       99%         5
 Irradiate                Conj/Tmut      1%         3d13      99%         5
 Death Channel            Necr           1%         N/A       100%        6
 Starburst                Conj/Fire      1%         6d3       100%        6
 Dragon Form              Tmut           1%         N/A       100%        7
 Ignition                 Fire           1%         3d3       100%        8


Dungeon Overview and Level Annotations

Branches:
Dungeon (10/15)            Temple (0/1) D:5            Lair (3/6) D:10
 Shoals (0/4) Lair:2        Snake (0/4) Lair:2          Orc (0/2) D:9

Altars:
Cheibriados
Elyvilon
Fedhas
Gozag
Kikubaaqudgha
Makhleb
Okawaru
Qazlal
Ru
Trog
Uskayaw
Vehumet
Yredelemnul
Zin
The Shining One

Shops:
D:9 **

Annotations:
D:3 3 runed translucent doors, Frenzy's ghost, weakling DsAK
D:6 exclusion: 2 doors
Lair:2 exclusions: 2 oklob plants and water moccasin, Harold; Sonja


Innate Abilities, Weirdness & Mutations

You are small and have problems with some larger weapons.
You are completely attuned to the shadows.


Message History

The six-headed hydra roars!
You hit the five-headed hydra but do no damage.
You hear an angry hiss. x2
The blink frog blinks!
The five-headed hydra bites you.
The five-headed hydra closely misses you.
The five-headed hydra bites you! x3
Unknown command.
Casting: Confusing Touch (safe; 1% risk of failure)
Confirm with . or Enter, or press ? or * to list all spells.
You blink.
A basilisk comes into view.
Casting: Blink (safe; 7% risk of failure)
Confirm with . or Enter, or press ? or * to list all spells.
You miscast Blink.
You are very lightly contaminated with residual magic.
Nothing appears to happen.
The five-headed hydra bites you!
* * * LOW HITPOINT WARNING * * *
The five-headed hydra barely misses you.
The five-headed hydra bites you!
* * * LOW HITPOINT WARNING * * *
The five-headed hydra bites you but does no damage.
The five-headed hydra misses you.
Casting: Blink (safe; 7% risk of failure)
Confirm with . or Enter, or press ? or * to list all spells.
You blink.
The basilisk gazes at you.
You are slowing down.
Press: ? - help, Dir - move target, f - five-headed hydra Heal: a five-headed hydra (chance to confuse on hit: 37%, chance to pacify: 64%)
The five-headed hydra turns neutral.
The basilisk gazes at you.
The five-headed hydra resists with almost no effort.
The five-headed hydra closely misses the basilisk.
The five-headed hydra bites the basilisk. x2
The five-headed hydra bites the basilisk! x2
The basilisk dies!
The five-headed hydra bites you!
* * * LOW HITPOINT WARNING * * *
The five-headed hydra bites you!
You die...

.... ## ##..... ....
##..... ###. #..#..# #.
.. ####...## ...
##..##### #.##'###
...##.+#....## #.......F
.P...........###.....F..
#...........+.#........
..#.....†....).+........
#....D......#..F.....
##P..@##.##.##......
###.#########.D... #..
P..... ##. ###. ##


You could see a neutral five-headed hydra (wandering).

Vanquished Creatures
  4 black mambas (Lair:2)
  A kobold demonologist (D:10)
  4 cane toads
  A komodo dragon (Lair:3)
  A rime drake (Lair:2)
  A polar bear (Lair:2)
  A hornet (D:8)
  A meliai zombie (D:10)
  3 blink frogs (Lair:1)
  Sigmund (D:2)
  A shadow (D:9)
  A wraith (D:10)
  2 wyverns
  3 basilisks
  3 steam dragons
  11 water moccasins
  An orc warrior (D:6)
  An ice beast (D:6)
  A sky beast (D:4)
  A black bear (D:6)
  2 centaurs
  2 phantoms
  A kobold brigand (D:5)
  4 bullfrogs
  2 scorpions
  An electric eel (Lair:2)
  9 wights
  8 howler monkeys
  A jelly (D:5)
  3 centaur zombies
  4 hounds
  4 orc priests
  A scorpion zombie (D:5)
  8 orc wizards
  Natasha (thrice) (D:2)
  3 iguanas
  A killer bee zombie (D:7)
  5 ogre zombies (D:9)
  2 hound skeletons (D:4)
  2 howler monkey zombies
  5 adders
  A howler monkey skeleton (D:6)
  2 shadow imps (D:7)
  An ufetubus (D:4)
  An adder skeleton (D:4)
  A worm (D:2)
  4 dart slugs
  26 orcs
  10 ball pythons
  5 bats
  7 endoplasms
  3 giant cockroaches
  13 goblins
  14 hobgoblins
  4 jackals (D:3)
  7 quokkas
  7 frilled lizards
  2 goblin skeletons (D:9)
  2 goblin zombies (D:9)
  2 hobgoblin skeletons (D:9)
  A hobgoblin zombie (D:9)
  11 kobolds
  6 orc skeletons (D:9)
  10 orc zombies (D:9)
  5 rats
  A spectral orc (D:10)
260 creatures vanquished.

Vanquished Creatures (collateral kills)
  3 ogres
  A centaur (D:9)
  8 wights
  An orc (D:6)
13 creatures vanquished.

Vanquished Creatures (others)
  2 dancing weapons (D:7)
  A basilisk (Lair:3)
  9 fungi
  23 plants
35 creatures vanquished.

Grand Total: 308 creatures vanquished

Notes
Turn   | Place    | Note
-------+----------+-------------------------------------------
     0 | D:1      | grimtooth the Kobold Enchanter began the quest for the Orb.
     0 | D:1      | Reached XP level 1. HP: 10/10 MP: 3/3
   216 | D:1      | Reached XP level 2. HP: 15/15 MP: 5/5
   219 | D:1      | Learned a level 2 spell: Ensorcelled Hibernation
   644 | D:1      | Reached XP level 3. HP: 17/19 MP: 1/6
  1280 | D:1      | Reached skill level 4 in Hexes
  1532 | D:2      | Noticed Sigmund
  1946 | D:2      | Noticed Natasha
  1963 | D:2      | Reached XP level 4. HP: 24/24 MP: 4/7
  2125 | D:2      | Learned a level 3 spell: Confusing Touch
  2323 | D:3      | Found a stormy altar of Qazlal.
  2455 | D:3      | Found a runed translucent gate.
  2457 | D:3      | Found a runed translucent gate.
  2458 | D:3      | Found a runed translucent gate.
  2459 | D:3      | Identified the +10 dagger of Causality {antimagic, rC+
                  | rCorr Int-3}
  2459 | D:3      | Identified the +3 ring mail of Kindness {rC+}
  2459 | D:3      | Noticed Frenzy's ghost (weakling DsAK)
  2561 | D:3      | Found a snail-covered altar of Cheibriados.
  2755 | D:3      | Found a white marble altar of Elyvilon.
  2826 | D:3      | Became a worshipper of Elyvilon the Healer
  2985 | D:3      | Found a hide-covered altar of Uskayaw.
  3283 | D:3      | Found a blossoming altar of Fedhas.
  3304 | D:3      | Found a sacrificial altar of Ru.
  3339 | D:3      | Reached XP level 5. HP: 8/28 MP: 6/8
  3624 | D:3      | Reached skill level 5 in Hexes
  4338 | D:4      | Reached XP level 6. HP: 32/32 MP: 4/9
  4406 | D:4      | Noticed an ogre
  4883 | D:4      | Noticed a sky beast
  4894 | D:4      | Learned a level 3 spell: Tukima's Dance
  5059 | D:4      | Found a glowing silver altar of Zin.
  5225 | D:4      | Killed a sky beast
  5226 | D:4      | Reached skill level 5 in Short Blades
  5226 | D:4      | Reached skill level 6 in Hexes
  5226 | D:4      | Reached XP level 7. HP: 25/36 MP: 4/10
  5469 | D:4      | Reached * piety under Elyvilon
  5483 | D:5      | Entered Level 5 of the Dungeon
  5772 | D:5      | Reached skill level 7 in Hexes
  6083 | D:5      | Found an opulent altar of Gozag.
  6494 | D:5      | Found a burning altar of Makhleb.
  6670 | D:5      | Found a staircase to the Ecumenical Temple.
  6795 | D:5      | Reached XP level 8. HP: 41/41 MP: 11/11
  7046 | D:5      | Identified the +10 plate armour of an ossuary {rN+ Stlth+}
  7413 | D:6      | Reached skill level 8 in Hexes
  7987 | D:6      | Reached ** piety under Elyvilon
  8006 | D:6      | Reached skill level 9 in Hexes
  8249 | D:6      | Reached skill level 1 in Fighting
  8297 | D:6      | Reached skill level 1 in Ice Magic
  8428 | D:6      | Found a radiant altar of Vehumet.
  8926 | D:6      | Reached skill level 5 in Stealth
  8926 | D:6      | Reached XP level 9. HP: 49/49 MP: 12/12
  9076 | D:6      | Learned a level 2 spell: Blink
  9353 | D:2      | Killed Sigmund
  9649 | D:2      | Killed Natasha
  9912 | D:2      | Noticed Natasha
  9921 | D:2      | Killed Natasha
 10010 | D:2      | Noticed Natasha
 10019 | D:2      | Killed Natasha
 10378 | D:7      | Reached *** piety under Elyvilon
 10675 | D:7      | Reached skill level 5 in Fighting
 11749 | D:8      | Noticed a hornet
 11810 | D:8      | Reached skill level 1 in Invocations
 11878 | D:8      | Killed a hornet
 11879 | D:8      | Reached skill level 1 in Translocations
 11960 | D:8      | Found a bloodstained altar of Trog.
 11970 | D:8      | Found an ancient bone altar of Kikubaaqudgha.
 11995 | D:8      | Reached XP level 10. HP: 60/60 MP: 13/13
 12134 | D:8      | Found a glowing golden altar of the Shining One.
 12679 | D:9      | Reached **** piety under Elyvilon
 12703 | D:9      | Found Fecren's Specific Store.
 12703 | D:9      | Found Guxzepeu's General Store.
 12708 | D:9      | Bought 3 scrolls of identify for 90 gold pieces
 13208 | D:9      | Reached skill level 5 in Invocations
 13489 | D:9      | Found a staircase to the Orcish Mines.
 13607 | D:9      | Reached ***** piety under Elyvilon
 14127 | D:9      | Found an iron altar of Okawaru.
 14552 | D:10     | Entered Level 10 of the Dungeon
 14630 | D:10     | Found a basalt altar of Yredelemnul.
 14928 | D:10     | Found a staircase to the Lair.
 15040 | D:10     | Noticed a kobold demonologist
 15216 | D:10     | Noticed a soul eater
 15222 | D:10     | Killed a kobold demonologist
 15375 | D:10     | Reached skill level 10 in Hexes
 15926 | D:6      | Reached XP level 11. HP: 64/64 MP: 11/15
 16154 | Lair:1   | Entered Level 1 of the Lair of Beasts
 16189 | Lair:1   | Reached skill level 5 in Dodging
 16725 | Lair:1   | Reached skill level 11 in Hexes
 16737 | Lair:1   | Noticed an eight-headed hydra
 17050 | Lair:2   | Found a staircase to the Shoals.
 17074 | Lair:2   | Reached ****** piety under Elyvilon
 17257 | Lair:2   | Noticed Harold
 17404 | Lair:2   | Reached skill level 12 in Hexes
 17434 | Lair:2   | Found a staircase to the Snake Pit.
 17585 | Lair:2   | Noticed Sonja
 17680 | Lair:2   | Found a blossoming altar of Fedhas.
 17683 | Lair:2   | Noticed an oklob plant
 17684 | Lair:2   | Noticed an oklob plant
 18620 | Lair:3   | Reached XP level 12. HP: 70/70 MP: 18/18
 18762 | Lair:3   | Noticed a five-headed hydra
 18775 | Lair:3   | Noticed a six-headed hydra
 18789 | Lair:3   | Pacified a five-headed hydra
 18789 | Lair:3   | HP: 1/70 [five-headed hydra (6)]
 18789 | Lair:3   | Slain by a five-headed hydra

Illustrated notes

Levels and vault maps discovered:
D:1:      dpeg_arrival_simpleton_b, layout_rooms, minmay_misc_feat_alley
D:2:      layout_rooms, minmay_misc_feat_four_crosses, uniq_sigmund,
          uniq_natasha
D:3:      layout_rooms, lemuel_coloured_pillars_altar,
          nicolae_ru_great_annihilating_truth, old_standard_altar,
          general_overflow_altar, mainiacjoe_overflow_six_doors_small,
          mainiacjoe_overflow_alcove_4, biasface_ghost_orc_armoury,
          minmay_surrounded
D:4:      layout_basic, mainiacjoe_overflow_small_starburst,
          minmay_splitting_lines
D:5:      minmay_evil_eye, layout_basic, mainiacjoe_overflow_catwalk_spiral,
          minmay_temple_entry_fiery
D:6:      cheibrodos_two_vegetables, layout_basic, vehumet_crystals,
          kennysheep_small_spiral
D:7:      layout_loops_cross
D:8:      layout_loops_ring, tso_metal_star, mainiacjoe_overflow_big_doors
D:9:      layout_stronghold, okawaru_altar_gauntlet_db, zombieorc2_lemuel,
          nicolae_specific_store
D:10:     layout_loops_ring, yredelemnul_forgotten_temple_becter,
          lair_entry_dummy
Lair:1:   layout_small_grid, grunt_megastairs_2
Lair:2:   layout_chaotic_city, elwin_shoals_entry_rocks,
          minmay_snake_entry_six_corridors, hangedman_tree_tricks,
          serial_bayou_shore_a, lemuel_fruit_tree, uniq_sonja, uniq_harold
Lair:3:   layout_roguey

Skill      XL: |  1  2  3  4  5  6  7  8  9 10 11 |
---------------+----------------------------------+-----
Short Blades   | 2 3 4 5 6 |  6.0
Hexes          | 4 5 6 7 9 10 12 | 12.0
Fighting       | 2 6 |  6.0
Ice Magic      | 1 3 |  3.0
Stealth        | 5 8 9 |  9.8
Invocations    | 2 6 8 |  8.4
Translocations | 1 3 |  3.0
Dodging        | 4 6 |  6.0
Spellcasting   | |  2.1

Action                   |  1- 3 |  4- 6 |  7- 9 | 10-12 || total
-------------------------+-------+-------+-------+-------++-------
Melee: Dagger            |   115 |   200 |   243 |   363 ||   921
Throw: Stone             |     1 |     1 |     1 |       ||     3
 Cast: Corona            |    20 |    26 |    17 |     7 ||    70
       Ensorcelled Hiber |    21 |    51 |    51 |    42 ||   165
       Confusing Touch   |       |       |    22 |    29 ||    51
       Tukima's Dance    |       |       |    19 |    10 ||    29
       Blink             |       |       |       |     2 ||     2
Invok: Heal Other        |       |       |       |     1 ||     1
Evoke: Wand              |       |       |       |     1 ||     1
  Use: Potion            |       |     4 |     1 |       ||     5
       Scroll            |       |       |     5 |     3 ||     8
 Stab: Sleeping          |    16 |    36 |    40 |    52 ||   144
       Confused          |       |       |    23 |    38 ||    61
       Distracted        |       |       |       |     5 ||     5
Armor: Robe              |    21 |    15 |    22 |       ||    58
       Steam dragon scal |       |       |       |    54 ||    54
Dodge: Dodged            |   100 |    95 |    97 |   159 ||   451
